 Dungeon Crawl Stone Soup version 0.30.0-29-ga12c61a403 (webtiles) character file.

Game seed: 7919873265440800851

17411 Heoruswealwe the Eclecticist (level 12, 0/88 HPs)
             Began as a Deep Elf Summoner on June 19, 2023.
             Was a Believer of Sif Muna.
             Slain by a fire elemental (9 damage)
             ... summoned by a deep elf pyromancer
             ... on level 12 of the Dungeon on June 20, 2023.
             The game lasted 02:32:29 (11847 turns).

Heoruswealwe the Eclecticist (Deep Elf Summoner)   Turns: 11847, Time: 02:32:32

Health: 0/88       AC: 26    Str:  5    XL:     12   Next: 18%
Magic:  36/36      EV:  2    Int: 26    God:    Sif Muna [**....]
Gold:   499        SH:  0    Dex: 15    Spells: 30/47 levels left

rFire   . . .        b - +5 scimitar (spect)
rCold   . . .        (no shield)
rNeg    . . .        c - melded +0 robe
rPois   +            g - melded +0 helmet
rElec   .            h - melded +2 cloak {Will+}
rCorr   .            f - melded +0 pair of gloves
SInv    .            (boots currently unavailable)
Will    +....        i - amulet of Vitality {RegenMP++ Regen++}
Stlth   ++           j - +5 ring of evasion
HPRegen 1.94/turn    k - ring of poison resistance
MPRegen 1.05/turn

%: no passive effects
@: tree-form
A: stationary, stasis, torment immunity, boosted hp
a: Renounce Religion, Channel Magic


You were on level 12 of the Dungeon.
You worshipped Sif Muna.
Sif Muna was pleased with you.
You were a tree.
You visited 2 branches of the dungeon, and saw 13 of its levels.
You also visited: Sewer and Ossuary.

You collected 649 gold pieces.
You spent 150 gold pieces at shops.

Inventory:

Hand Weapons
 b - a +5 spectral scimitar (weapon)
 y - a +0 arbalest of draining
Armour
 c - a +0 robe (melded)
 f - a +0 pair of gloves (melded)
 g - a +0 helmet (melded)
 h - a +2 cloak of willpower (melded)
Magical Staves
 o - a staff of cold
 t - the staff of fire "Maot" {rElec rF+ Str+2 Dex-5}
   (You found it on level 3 of the Dungeon)

   [staff of fire]

   Base accuracy: +5 Base damage: 5 Base attack delay: 1.2 This weapon's minimum
   attack delay (0.6) is reached at skill level 12.
   Str:       It affects your strength (+2).
   Dex:       It affects your dexterity (-5).
   rF:        It protects you from fire.
   rElec:     It insulates you from electricity.
   It falls into the 'Staves' category.
   It is a one-handed weapon.
Jewellery
 i - the amulet of Vitality (around neck) {RegenMP++ Regen++}
   (You found it on level 9 of the Dungeon)

   [amulet of magic regeneration]

   It increases your rate of magic regeneration.
   Regen:     It increases your rate of health regeneration.
 j - a +5 ring of evasion (left branch)
 k - a ring of poison resistance (right branch)
 v - a ring of resist corrosion
Wands
 q - a wand of polymorph (4)
 r - a wand of quicksilver (10)
 w - a wand of roots (13)
 x - a wand of digging (3)
 B - a wand of flame (9)
 K - a wand of charming (12)
 V - a wand of mindburst (22)
Scrolls
 d - 2 scrolls of blinking
 m - 2 scrolls of fog
 n - 8 scrolls of teleportation
 p - 3 scrolls of poison
 s - 2 scrolls of enchant armour
 F - 2 scrolls of fear
Potions
 a - a potion of magic
 e - a potion of haste
 l - a potion of curing
 u - a potion of brilliance
 z - 3 potions of might
 C - a potion of ambrosia
 G - a potion of invisibility
 N - 3 potions of mutation
 O - a potion of flight


   Skills:
 - Level 2.4 Dodging
 - Level 2.4 Stealth
 + Level 18.2 Spellcasting
 + Level 15.9 Summonings


You had 30 spell levels left.
You knew the following spells:

 Your Spells              Type           Power      Damage    Failure   Level
a - Summon Small Mammal   Summ           100%       N/A       0%          1
b - Call Imp              Summ           100%       N/A       0%          2
c - Call Canine Familiar  Summ           82%        N/A       0%          3
d - Summon Guardian Gole  Hex/Summ       60%        N/A       1%          3
e - Summon Lightning Spi  Summ/Air       60%        N/A       1%          4
f - Animate Armour        Summ/Erth      100%       N/A       1%          4

Your spell library contained the following spells:

 Spells                   Type           Power      Damage    Failure   Level
 Apportation              Tloc           46%        N/A       1%          1
 Necrotise                Necr           92%        1d8       1%          1
 Ozocubu's Armour         Ice            23%        N/A       6%          3
 Stone Arrow              Conj/Erth      46%        3d9       6%          3
 Volatile Blastmotes      Fire/Tloc      46%        2d13      6%          3
 Fulminant Prism          Conj/Hex       11%        3d8       21%         4
 Iskenderun's Mystic Bla  Conj/Tloc      23%        2d6       21%         4
 Alistair's Intoxication  Tmut/Pois      15%        N/A       50%         5
 Blade Hands              Tmut           11%        N/A       50%         5
 Fireball                 Conj/Fire      11%        3d7       50%         5
 Iskenderun's Battlesphe  Conj           23%        2d8       50%         5
 Lee's Rapid Deconstruct  Erth           11%        3d8*      50%         5
 Metabolic Englaciation   Hex/Ice        11%        N/A       50%         5
 Conjure Ball Lightning   Conj/Air       11%        3x3d6     97%         6
 Iron Shot                Conj/Erth      11%        9d3       97%         6
 Simulacrum               Ice/Necr       11%        N/A       97%         6
 Orb of Destruction       Conj           11%        9d6       100%        7
 Storm Form               Tmut/Air       11%        N/A       100%        7
 Lehudib's Crystal Spear  Conj/Erth      11%        10d4      100%        8
 Maxwell's Capacitive Co  Air            11%        ∞         100%        8


Dungeon Overview and Level Annotations

Branches:
Dungeon (12/15)            Temple (1/1) D:7            Lair (0/5) D:11
    Orc (0/2) D:9           Sewer (visited)         Ossuary (visited)

Altars:
Ashenzari
Cheibriados
Dithmenos
Elyvilon
Fedhas
Gozag
Hepliaklqana
Kikubaaqudgha
Makhleb
Nemelex Xobeh
Okawaru
Qazlal
Ru
Sif Muna
Trog
Uskayaw
Vehumet
Wu Jian
Xom
Yredelemnul
Zin
The Shining One

Shops:
D:1 (   D:3 (?   D:6 :


Message History

The deep elf pyromancer hits you but does no damage.
You feel better. The fire elemental hits you. The fire elemental burns you!
* * * LOW HITPOINT WARNING * * *
The deep elf pyromancer points at you and mumbles some strange words.
The sticky flame hits you but does no damage.
You are covered in liquid flames!
The fire elemental hits you. The fire elemental burns you!
* * * LOW HITPOINT WARNING * * *
You closely miss the deep elf pyromancer.
The deep elf pyromancer is severely wounded.
You are covered in liquid flames!
* * * LOW HITPOINT WARNING * * *
You are no longer on fire.
The deep elf pyromancer hits you but does no damage.
The fire elemental hits you. The fire elemental burns you!
* * * LOW HITPOINT WARNING * * *
The deep elf pyromancer casts a spell.
You feel better. The fire elemental hits you. The fire elemental burns you!
* * * LOW HITPOINT WARNING * * *
The fire elemental hits you. The fire elemental burns you!
* * * LOW HITPOINT WARNING * * *
The deep elf pyromancer hits you but does no damage.
You slash the deep elf pyromancer!
The deep elf pyromancer is almost dead.
The fire elemental hits you.
The deep elf pyromancer hits you with a +0 dagger.
* * * LOW HITPOINT WARNING * * *
You completely miss the deep elf pyromancer.
The deep elf pyromancer is almost dead.
The fire elemental barely misses you.
The deep elf pyromancer hits you but does no damage.
The fire elemental hits you. The fire elemental burns you!
* * * LOW HITPOINT WARNING * * *
You barely miss the deep elf pyromancer.
The deep elf pyromancer is almost dead.
The fire elemental hits you. The fire elemental burns you!
* * * LOW HITPOINT WARNING * * *
The deep elf pyromancer hits you but does no damage.
The fire elemental hits you. The fire elemental burns you!
You die...

...........#
.###......#####
##...#.....##
.............#
####.######..#
#.........###
#..........E#
#..######☼#E#
#E#♣# #E#e#
#○#E# #.#°#.#
#..○..#
.........#
#####..[##
##.## #.#


You could see a deep elf pyromancer and 3 fire elementals.

Vanquished Creatures
  A boulder beetle (D:11)
  A manticore (D:11)
  2 centaur zombies (D:11)
  An unseen horror (D:12)
  A wraith (D:9)
  2 yaks
  The ghost of Tyszek the Covert, an amateur SpEn of Dithmenos (D:4)
  2 wyverns
  2 vampire mosquitoes (D:10)
  2 wargs (D:9)
  A water moccasin (D:9)
  6 centaurs
  3 bullfrogs
  4 wights (D:8)
  2 killer bees (D:5)
  4 hounds
  An orc priest (D:5)
  An iguana (D:4)
  5 adders
  A dart slug (D:1)
  5 orcs
  A spectral bat (Ossuary)
  3 endoplasms
  3 giant cockroaches
  4 gnoll zombies (Ossuary)
  3 goblins
  A hobgoblin (D:1)
  A jackal (D:1)
  4 kobolds
  2 quokkas
  2 ball pythons
  5 frilled lizards
  A hobgoblin zombie (Ossuary)
  2 kobold zombies (Ossuary)
  5 rats
  A spectral goblin (Ossuary)
  A spectral kobold (Ossuary)
  A spectral rat (Ossuary)
88 creatures vanquished.

Vanquished Creatures (collateral kills)
  A two-headed ogre (D:12)
  Urug (D:10)
  4 centaur zombies (D:11)
  Maurice (D:10)
  3 unseen horrors
  A meliai (D:8)
  2 trolls
  A slime creature (D:8)
  19 yaks
  A vampire (D:11)
  2 shadows
  2 wraiths (D:11)
  A wyvern (D:10)
  2 vampire mosquitoes (D:11)
  A basilisk (shapeshifter) (D:9)
  Edmund (D:4)
  4 orc warriors
  2 sky beasts
  5 black bears
  3 ice beasts
  An ogre (D:4)
  4 centaurs
  3 wolves (D:11)
  A kobold brigand (D:11)
  3 bullfrogs
  3 scorpions
  6 wights (D:8)
  4 killer bees (D:5)
  2 howler monkeys (D:12)
  6 electric eels
  7 hounds
  2 jellies
  Crazy Yiuf (D:4)
  3 gnoll boudas
  3 orc priests
  Natasha (thrice) (D:2)
  2 iguanas
  5 orc wizards
  A mummy (Ossuary)
  15 gnolls
  4 adders
  A shadow imp (D:5)
  2 white imps
  A worm (D:4)
  3 dart slugs
  23 orcs
  A spectral bat (Ossuary)
  7 ball pythons
  4 endoplasms
  7 giant cockroaches (Sewer)
  2 goblins (D:1)
  6 hobgoblins
  3 jackals (D:1)
  4 quokkas
  A bat (D:1)
  A bat simulacrum (Ossuary)
  6 frilled lizards
  8 gnoll zombies (Ossuary)
  5 goblin simulacra (Ossuary)
  2 goblin zombies (Ossuary)
  5 hobgoblin zombies (Ossuary)
  6 kobolds
  A kobold simulacrum (Ossuary)
  6 kobold zombies (Ossuary)
  2 orc zombies (Ossuary)
  8 rat simulacra (Ossuary)
  2 spectral goblins (Ossuary)
  A spectral kobold (Ossuary)
  A spectral rat (Ossuary)
255 creatures vanquished.

Grand Total: 343 creatures vanquished

Notes
Turn   | Place    | Note
-------+----------+-------------------------------------------
     0 | D:1      | Heoruswealwe the Deep Elf Summoner began the quest for the
                  | Orb.
     0 | D:1      | Reached XP level 1. HP: 10/10 MP: 6/6
   141 | D:1      | Reached XP level 2. HP: 15/15 MP: 5/8
   144 | D:1      | Learned a level 2 spell: Call Imp
   274 | D:1      | Found Susaaph's Weapon Shop.
   432 | D:1      | Reached skill level 4 in Spellcasting
   624 | D:1      | Reached skill level 5 in Summonings
   624 | D:1      | Reached XP level 3. HP: 19/19 MP: 7/10
   634 | D:1      | Learned a level 3 spell: Call Canine Familiar
   638 | D:1      | Learned a level 3 spell: Summon Guardian Golem
   871 | D:2      | Noticed Natasha
   886 | D:2      | Killed Natasha
   887 | D:2      | Reached XP level 4. HP: 13/24 MP: 4/12
   933 | D:2      | Noticed Natasha
   944 | D:2      | Killed Natasha
   945 | D:2      | Reached skill level 5 in Spellcasting
  1042 | D:2      | Noticed Natasha
  1049 | D:2      | Killed Natasha
  1050 | D:2      | Reached XP level 5. HP: 20/28 MP: 11/14
  1057 | D:2      | Learned a level 4 spell: Summon Lightning Spire
  1503 | D:3      | Found a faded altar of an unknown god.
  1550 | D:3      | Identified the staff of fire "Maot" {rElec rF+ Str+2 Dex-5}
  1841 | D:3      | Found Jamusm's Magic Scroll Emporium.
  1848 | D:3      | Bought a scroll of blinking for 90 gold pieces
  1848 | D:3      | Bought a scroll of teleportation for 36 gold pieces
  1848 | D:3      | Bought a scroll of identify for 24 gold pieces
  2008 | D:3      | Found Lucuwec's Antique Weapon Shop.
  2195 | D:4      | Noticed Edmund
  2239 | D:4      | Found an ornate altar of the Wu Jian Council.
  2241 | D:4      | Noticed an ogre
  2270 | D:4      | Killed an ogre
  2271 | D:4      | Reached skill level 6 in Spellcasting
  2284 | D:4      | Found a glowing drain.
  2352 | D:4      | Reached XP level 6. HP: 19/32 MP: 7/17
  2378 | Sewer    | Entered a sewer
  2812 | Sewer    | Reached skill level 7 in Spellcasting
  3510 | D:4      | Killed Edmund
  3511 | D:4      | Reached XP level 7. HP: 36/36 MP: 14/20
  3570 | D:4      | Found a runed translucent door.
  3673 | D:4      | Noticed Tyszek's ghost (amateur SpEn)
  3691 | D:4      | Killed Tyszek's ghost
  3692 | D:4      | Reached skill level 8 in Spellcasting
  3947 | D:4      | Found a runed translucent door.
  3948 | D:4      | Noticed Crazy Yiuf
  3961 | D:4      | Killed Crazy Yiuf
  4185 | D:5      | Entered Level 5 of the Dungeon
  4202 | D:5      | Reached skill level 9 in Spellcasting
  4226 | D:5      | Reached XP level 8. HP: 22/41 MP: 19/23
  4389 | D:5      | Found a shadowy altar of Dithmenos.
  4529 | D:5      | Reached skill level 10 in Spellcasting
  4917 | D:6      | Reached skill level 10 in Summonings
  5018 | D:6      | Found Gaeh's Book Shop.
  5105 | D:6      | Reached skill level 11 in Spellcasting
  5231 | D:6      | Reached XP level 9. HP: 24/45 MP: 23/26
  5271 | D:6      | Found a bloodstained altar of Trog.
  5667 | D:6      | Found a hazy altar of Hepliaklqana.
  5924 | D:7      | Found a blossoming altar of Fedhas.
  6154 | D:7      | Reached skill level 12 in Spellcasting
  6276 | D:7      | You fall into a shaft and drop 1 floor!
  6277 | D:8      | Found a flagged portal.
  6388 | D:8      | Reached skill level 13 in Spellcasting
  6571 | D:8      | Found a sand-covered staircase.
  6576 | Ossuary  | Entered an ossuary
  6966 | D:8      | Reached XP level 10. HP: 50/50 MP: 29/29
  7215 | D:8      | HP: 2/50 [meliai/+0 broad axe (3)]
  7915 | D:7      | Found a staircase to the Ecumenical Temple.
  7924 | Temple   | Entered the Ecumenical Temple
  8062 | Temple   | Became a worshipper of Sif Muna the Loreminder
  8457 | D:8      | Reached skill level 14 in Spellcasting
  8551 | D:9      | Found the amulet of Vitality {RegenMP++ Regen++}
  8766 | D:9      | Found a staircase to the Orcish Mines.
  9061 | D:9      | Reached skill level 15 in Spellcasting
  9342 | D:10     | Entered Level 10 of the Dungeon
  9392 | D:10     | Reached * piety under Sif Muna
  9399 | D:10     | Noticed Maurice
  9408 | D:10     | Noticed Urug
  9438 | D:10     | Killed Urug
  9439 | D:10     | Reached XP level 11. HP: 19/54 MP: 32/32
  9451 | D:10     | Killed Maurice
  9626 | D:10     | Learned a level 4 spell: Animate Armour
 10124 | D:11     | Reached skill level 16 in Spellcasting
 10453 | D:11     | Noticed a boulder beetle
 10500 | D:11     | Killed a boulder beetle
 10501 | D:11     | Reached skill level 17 in Spellcasting
 10549 | D:11     | Reached skill level 15 in Summonings
 10845 | D:11     | Reached ** piety under Sif Muna
 10869 | D:11     | Found a shadowy altar of Dithmenos.
 10925 | D:11     | Found a staircase to the Lair.
 11438 | D:12     | Noticed a two-headed ogre
 11455 | D:12     | Killed a two-headed ogre
 11456 | D:12     | Reached XP level 12. HP: 59/59 MP: 32/35
 11542 | D:12     | Reached skill level 18 in Spellcasting
 11847 | D:12     | Slain by a fire elemental

Illustrated notes

Levels and vault maps discovered:
D:1:      minmay_arrival_semitransparent, layout_loops_ring, serial_shops,
          nicolae_shop_bloodbath_and_beyond, chequers_serial_rivers_micro_e
D:2:      layout_basic, uniq_natasha
D:3:      layout_loops_ring, ebering_ecumenical_altar_box, serial_shops,
          nicolae_shop_dealshenge, shop, minivault_23, hex_tiny
D:4:      layout_loops_corners, nicolae_overflow_hidden_temple,
          ebering_ghost_reflecting_pool, cheibrodos_sewer_entry_drain,
          nrook_mini_vaults, uniq_crazy_yiuf_cottage, uniq_edmund
D:5:      layout_rooms, mainiacjoe_overflow_alcove_2
D:6:      layout_basic, nicolae_hepliaklqana_hippocampus, trog_ov_bears_minmay,
          serial_shops, nicolae_square_shop
D:7:      layout_cave_pools, fedhas_bush_and_centaur_altar,
          minmay_temple_entry_waves
D:8:      layout_basic, enter_bailey_4, enter_ossuary_5, minmay_small_thing
D:9:      layout_big_octagon, david_orc_1_choice
D:10:     layout_long_grid, uniq_urug, uniq_maurice
D:11:     layout_roguey, erik_lair_island, serial_undead, serial_undead_e,
          serial_undead_b, serial_undead_f, serial_undead_a,
          nicolae_dithmenos_the_darkroom
D:12:     layout_loops_ring, serial_shops, shop
Temple:   minmay_crystal_spiral_temple

Skill      XL: |  1  2  3  4  5  6  7  8  9 10 11 12 |
---------------+-------------------------------------+-----
Spellcasting   | 4 5 6 7 9 11 13 15 17 18 | 18.2
Summonings     | 5 6 7 8 10 11 13 15 | 15.9
Dodging        | |  2.4
Stealth        | |  2.4

Action                     |  1- 3 |  4- 6 |  7- 9 | 10-12 || total
---------------------------+-------+-------+-------+-------++-------
  Melee: Long sword        |    57 |    55 |       |       ||   112
         Punch             |     1 |       |     8 |     2 ||    11
         Scimitar          |       |     3 |   269 |   142 ||   414
   Fire: Arbalest          |       |       |       |     4 ||     4
   Cast: Summon Small Mamm |    21 |     2 |       |       ||    23
         Call Canine Famil |     5 |    25 |    33 |    70 ||   133
         Summon Lightning  |       |       |     5 |    21 ||    26
    Use: Scroll            |       |    17 |     4 |    17 ||    38
         Potion            |       |     8 |     4 |     9 ||    21
   Stab: Sleeping          |     4 |       |     1 |     1 ||     6
         Distracted        |       |       |     1 |     1 ||     2
 Armour: Robe              |    10 |    12 |    19 |    64 ||   105
         Skin              |       |       |       |    17 ||    17
  Dodge: Dodged            |    46 |    53 |    62 |   167 ||   328
  Block: Other             |       |       |    18 |     7 ||    25
         Reflection        |       |       |     7 |       ||     7
